cohdb
Replays
Latest Replays
All Replays
Popular Replays
Top Player Replays
Match Explorer
How It Works
Community
CoH3 Stats
Reddit
Sign in to upload your games and track your stats! →
Sign in with Steam
Match 41997033
Unlisted
Match 41997033
Overview
Messages
Build Orders
End
Selects Airborne Battlegroup
Selects Pathfinders
Pathfinder Squad
Pathfinder Squad
Pathfinder Squad
Engineer Squad
Construct Medical Station
Selects Paratrooper Squad Paradrop
Paratrooper Squad Paradrop
Infantry Support Center
Paratrooper Squad Paradrop
Selects Anti-tank Gun Team Paradrop
Survival Training
Paratrooper Squad Paradrop
Anti-tank Gun Team Paradrop
Selects Recon Loiter
Selects Paradrop Reinforcements
TheDRex
cumsader
setana
Nashorn101
0
0
Comments
sign in to comment!
No comments posted yet!